 Dungeon Crawl Stone Soup version 0.31-a0-4-gefa6de2278 (webtiles) character file.

Game seed: 4201881673740470431

44 jasper the Digger (level 3, 0/35 HPs)
             Began as an Ogre Earth Elementalist on May 3, 2023.
             Succumbed to an adder's poison
             ... on level 1 of the Dungeon.
             The game lasted 00:01:22 (836 turns).

jasper the Digger (Ogre Earth Elementalist)          Turns: 836, Time: 00:01:23

Health: 0/35       AC:  3    Str: 12    XL:     3   Next: 62%
Magic:  0/7        EV:  9    Int: 18    God:
Gold:   39         SH:  0    Dex:  9    Spells: 2/8 levels left

rFire   . . .        f - +0 spear
rCold   . . .        (no shield)
rNeg    . . .        a - +0 robe
rPois   .            (helmet restricted)
rElec   .            (no cloak)
rCorr   .            (gloves unavailable)
SInv    .            (boots unavailable)
Will    .....        (no amulet)
Stlth   +            (no ring)
HPRegen 0.25/turn    (no ring)
MPRegen 0.10/turn

%: no passive effects
@: lethally poisoned (0 -> -5), very slightly contaminated
A: large, unfitting armour, tough skin 1
a: no special abilities


You were on level 1 of the Dungeon.
You visited 1 branch of the dungeon, and saw 2 of its levels.

You collected 39 gold pieces.

Inventory:

Hand Weapons
 f - a +0 spear (weapon)
Armour
 a - a +0 robe (worn)
Scrolls
 e - a scroll of identify
Potions
 b - a potion of magic
 c - a potion of flight


   Skills:
 + Level 1.9 Fighting
 - Level 1.7 Dodging
 - Level 1.4 Stealth
 + Level 3.0 Spellcasting
 - Level 0.8 Transmutations
 * Level 3.4 Earth Magic


You had 2 spell levels left.
You knew the following spells:

 Your Spells              Type           Power      Damage    Failure   Level
a - Sandblast             Erth           30%        2d9       4%          1
b - Passwall              Tmut/Erth      8%         N/A       10%         2
c - Stone Arrow           Conj/Erth      16%        3d8       24%         3

Your spell library contained the following spells:

 Spells                   Type           Power      Damage    Failure   Level
 Petrify                  Tmut/Erth      10%        N/A       54%         4


Dungeon Overview and Level Annotations

Branches:
Dungeon (2/15)

Altars:

Shops:
D:1 =


Innate Abilities, Weirdness & Mutations

You are too large for most types of armour.
You have tough skin. (AC +1)


Message History

Aim: an adder (70% to hit)
The blast of sand hits the adder.
The adder is heavily wounded.
You feel very sick. The adder bites you but does no damage.
The adder bites you. x2
The adder bites you but does no damage.
You take 6 damage, and have 15/35 hp.
You feel sick. The adder bites you.
You are lethally poisoned!
The adder poisons you!
You take 3 damage, and have 12/35 hp.
* * * LOW HITPOINT WARNING * * *
You feel very sick.
You take 3 damage, and have 9/35 hp.
Okay, then.
Aiming: Sandblast (safe; 4% risk of failure)
Press: ? - help, Q - select action, (/) - cycle Shift-Dir - straight line, f/p - adder
Aim: an adder (heavily wounded, 70% to hit)
The blast of sand hits the adder!
You kill the adder!
* * * LOW HITPOINT WARNING * * *
You feel very sick. The adder bites you.
* * * LOW HITPOINT WARNING * * *
Your Spellcasting skill increases to level 3!
You take 6 damage, and have 3/35 hp.
You now have 2/7 mp.
Aiming: Sandblast (safe; 4% risk of failure)
Press: ? - help, Q - select action, (/) - cycle Shift-Dir - straight line, f - adder
Aim: an adder (moderately wounded, 70% to hit)
You miscast Sandblast.
You are very lightly contaminated with residual magic.
Nothing appears to happen.
* * * LOW HITPOINT WARNING * * *
You feel sick. The adder bites you but does no damage.
You take 1 damage, and have 2/35 hp.
You now have 1/7 mp.
Aiming: Sandblast (safe; 4% risk of failure)
Press: ? - help, Q - select action, (/) - cycle Shift-Dir - straight line, f/p - adder
Aim: an adder (moderately wounded, 70% to hit)
The blast of sand misses the adder.
You die...

...###...#.##..# #.# #..##
.....[...#.##..# #.# #.##
##########.#...# #.# #.#
..##.......#.#.#### #.###.####
..##.##.###..#....## #.##......
..##.##.###.#####..# #.#.......
..##.#......## ##.## #.........
.............#####>†####..#......
.....)....##....@S........#..÷...
..........###########(.#.........
.......†..# ##...........
..........# ##...#.§....
..........# #..##..§....
..........# ##..##...≈...
..........# #...##§.≈.§§.
..........# #.#.##.≈§§.≈.
....>.....# #...##≈..∩..≈


You could see an adder.

Vanquished Creatures
  A gnoll (D:1)
  An adder (D:1)
  4 ball pythons (D:1)
  2 bats (D:1)
  2 endoplasms (D:1)
  A giant cockroach (D:1)
  5 goblins
  2 frilled lizards (D:1)
  4 kobolds (D:1)
  3 rats (D:1)
25 creatures vanquished.

Notes
Turn   | Place    | Note
-------+----------+-------------------------------------------
     0 | D:1      | jasper the Ogre Earth Elementalist began the quest for the
                  | Orb.
     0 | D:1      | Reached XP level 1. HP: 16/16 MP: 3/3
   135 | D:1      | Reached XP level 2. HP: 26/26 MP: 1/5
   138 | D:1      | Learned a level 2 spell: Passwall
   194 | D:1      | Reached skill level 1 in Fighting
   354 | D:1      | Reached XP level 3. HP: 33/33 MP: 4/7
   358 | D:1      | Learned a level 3 spell: Stone Arrow
   402 | D:1      | Found Ziasaatt's Jewellery Emporium.
   836 | D:1      | Succumbed to an adder's poison

Illustrated notes

Levels and vault maps discovered:
D:1:      nicolae_arrival_memento_mori, layout_rooms, serial_shops,
          nicolae_diamond_shop
D:2:      minmay_recursive_quarters, layout_rooms, ebering_ecumenical_altar_webs

Skill      XL: |  1  2  3 |
---------------+----------+-----
Fighting       | 1 |  1.9
Earth Magic    | 3 |  3.4
Spellcasting   | 3 |  3.0
Dodging        | |  1.7
Stealth        | |  1.4
Transmutations | |  0.8

Action                     || total
---------------------------++-------
  Melee: Unarmed           ||    17
   Cast: Sandblast         ||    39
    Use: Scroll            ||     2
 Armour: Robe              ||    15
  Dodge: Dodged            ||    32

Table legend: (Time is in decaauts)
 A = Elapsed time spent in this place.
 B = Non-inter-level travel time spent in this place.
 C = Inter-level travel time spent in this place.
 D = Time resting spent in this place.
 E = Time spent auto-exploring this place.
 F = Levels seen in this place.
 G = Mean time per level.
                   A        B        C        D        E       F      G
               +--------+--------+--------+--------+--------+-----+--------+
         Total |    854 |    841 |     13 |    100 |    551 |   2 |  427.0 |
       Dungeon |    854 |    841 |     13 |    100 |    551 |   2 |  427.0 |
               +--------+--------+--------+--------+--------+-----+--------+

Top non-repeatable levels by time:
     D:1: 850 daAuts
     D:2: 4 daAuts
